 Seeded DCSS version 0.29-a0-468-ge57f7f99b4 (webtiles) character file.

Game seed: 696969 (custom seed)

14 davecave the Covered (level 2, 20/27 HPs)
             Began as a Minotaur Fighter on May 21, 2022.
             Got out of the dungeon alive.
             The game lasted 00:01:37 (237 turns).

davecave the Covered (Minotaur Fighter)              Turns: 237, Time: 00:01:38

Health: 20/27      AC:  7    Str: 20    XL:     2   Next: 27%
Magic:  1/1        EV:  9    Int:  5    God:
Gold:   11         SH:  4    Dex:  9    Spells: 1/1 levels left

rFire   . . .      SeeInvis .   a - +0 long sword
rCold   . . .      Faith    .   c - +0 buckler
rNeg    . . .      Spirit   .   b - +0 scale mail
rPois   .          Reflect  .   (helmet restricted)
rElec   .          Harm     .   (no cloak)
rCorr   .          Rampage  .   (no gloves)
Will    .....                   (no boots)
Stlth   ..........              (no amulet)
HPRegen 0.09/turn               (no ring)
MPRegen 0.07/turn               (no ring)

@: no status effects
A: horns 2, retaliatory headbutt
a: no special abilities


You escaped.
You visited 1 branch of the dungeon, and saw 1 of its levels.

You collected 11 gold pieces.

Inventory:

Hand Weapons
 a - a +0 long sword (weapon)
Armour
 b - a +0 scale mail (worn)
 c - a +0 buckler (worn)
Scrolls
 e - a scroll of immolation {unknown}
 f - a scroll of acquirement
Potions
 d - a potion of might


   Skills:
 + Level 3.9 Fighting
 + Level 2.7 Long Blades
 + Level 3.9 Armour
 + Level 3.9 Shields


You had one spell level left.
You didn't know any spells.
Your spell library was empty.

Dungeon Overview and Level Annotations

Branches:
Dungeon (1/15)

Altars:


Innate Abilities, Weirdness & Mutations

You have a pair of horns on your head.
You reflexively headbutt those who attack you in melee.


Message History

You see here a +0 hand axe.
A kobold comes into view. It is wielding a +0 dagger.
Found 5 gold pieces.
The kobold shouts!
You hear a shout!
You see here 6 gold pieces.
You see here 5 gold pieces.
The kobold barely misses you.
You miss the kobold. The kobold misses you. You furiously retaliate!
You headbutt the kobold!
You kill the kobold!
Things that are here:
a +0 dagger; a kobold corpse A kobold comes into view.
It is wielding a +0 whip.
You hit the kobold. Your headbutt misses the kobold.
The kobold is severely wounded.
The kobold hits you but does no damage. The kobold hits you with a +0 whip.
You hit the kobold.
You kill the kobold!
You see here a +0 whip.
You now have 6 gold pieces.
Things that are here:
a +0 dagger; a kobold corpse You now have 11 gold pieces (gained 5).
This is a scroll of acquirement!
Something appears at your feet!
You see here a manual of Fighting.
Something appears at your feet!
Things that are here:
a +0 dagger; a kobold corpse You see here a frilled lizard corpse.
There is an open door here.
You see here a +0 hand axe.
Found a dagger.
You open the door.
There is an open door here.
There is an open door here.
There is a staircase leading out of the dungeon here.
Are you sure you want to leave the Dungeon?
This will make you lose the game!
Alright, then stay!
Are you sure you want to leave the Dungeon?
This will make you lose the game!
You have escaped!

##...........###+### #.........
........#....'.....#####.........
.............#.....#...#.........
.............#..⌠..+.8.#.####.##.
.............#.....#...#.# #.##.
....#........'.....#####.# #.##.
....#........###'### #. #....
....#.....[...#...# #....
#.........#.@.# #....
#.........#...# #####..
....#.....##### .......
.......).. ....... ......
........ #######. ....... ...##..
.. #..


There were no monsters in sight!

Vanquished Creatures
  An endoplasm (D:1)
  2 giant cockroaches (D:1)
  2 goblins (D:1)
  2 kobolds (D:1)
  A quokka (D:1)
  2 ball pythons (D:1)
  A frilled lizard (D:1)
  A rat (D:1)
12 creatures vanquished.

Notes
Turn   | Place    | Note
-------+----------+-------------------------------------------
     0 | D:1      | davecave the Minotaur Fighter began the quest for the Orb.
     0 | D:1      | Reached XP level 1. HP: 19/19 MP: 0/0
   124 | D:1      | Reached XP level 2. HP: 15/27 MP: 1/1
   168 | D:1      | Identified 3 scrolls of acquirement
   168 | D:1      | Acquired the +7 hand crossbow of Fate {freeze, rElec Int+3
                  | Dex+3}
   169 | D:1      | Acquired a manual of Fighting
   237 | D:$      | Got out of the dungeon alive.

Illustrated notes

Levels and vault maps discovered:
D:1:      minmay_arrival_stair_chambers, layout_basic

Action                   || total
-------------------------++-------
Melee: Long sword        ||    25
       Headbutt          ||     2
  Use: Scroll            ||     2
Armor: Scale mail        ||    11
Dodge: Dodged            ||    13
Block: Buckler           ||     5

Table legend: (Time is in decaauts)
 A = Elapsed time spent in this place.
 B = Non-inter-level travel time spent in this place.
 C = Inter-level travel time spent in this place.
 D = Time resting spent in this place.
 E = Time spent auto-exploring this place.
 F = Levels seen in this place.
 G = Mean time per level.
                   A        B        C        D        E       F      G
               +--------+--------+--------+--------+--------+-----+--------+
         Total |    245 |    179 |     66 |      0 |      0 |   1 |  245.0 |
       Dungeon |    245 |    179 |     66 |      0 |      0 |   1 |  245.0 |
               +--------+--------+--------+--------+--------+-----+--------+

Top non-repeatable levels by time:
     D:1: 245 daAuts
